AoeStats
← °49¬K<»Šhãdöw

African Clearing

505945879Analyzed
4v4 RM · 2mo ago on Sep 11, 2026· 56m 15s· 8 players
Game mode
Random Map
Map size
Large (8 player)
Population
200
Speed
Normal
Resources
Standard
Victory
Conquest
Starting age
Dark Age
Ending age
Imperial Age
RankedLock teamsTeams togetherTeam positionsShared explorationLock speedFull tech treeHidden civsTurbo modeCheats
Victory
Defeat
🇮🇳 Berbers · India
1177
+15
1099
+18
🇮🇳 Italians · India
1092
+19
🇻🇳 Franks · Vietnam
1073
+19
vs
🇹🇷 Magyars · Türkiye
1298
-23
🇹🇷 Turks · Türkiye
1142
-18
🇹🇷 Japanese · Türkiye
1113
-16
🇹🇷 Spanish · Türkiye
1062
-14
VVS
8:15 Loom
14:14 Feudal Age
14:42 Town Watch
15:58 Wheelbarrow
20:09 Castle Age
18:41 Bloodlines
18:35 Stone Mining
18:45 Horse Collar
19:48 Gold Mining
20:42 Double-Bit Axe
25:20 Fletching
26:09 Padded Archer Armor
29:21 Ballistics
32:33 Bodkin Arrow
33:26 Thumb Ring
32:42 Crossbowman
36:25 Leather Archer Armor
42:04 Imperial Age
43:16 Conscription
43:48 Hand Cart
45:39 Bracer
46:10 Ring Archer Armor
48:20 Chemistry
51:27 Arbalester
54:50 Elite Genoese Crossbowman
Kunal
3:20 Loom
16:08 Feudal Age
16:12 Man-at-Arms
16:45 Double-Bit Axe
17:49 Arson
22:50 Scale Mail Armor
24:53 Forging
31:13 Castle Age
29:53 Fletching
33:55 Castle Age
33:06 Horse Collar
44:09 Bow Saw
47:21 Wheelbarrow
47:19 Crossbowman
48:34 Thumb Ring
48:37 Bodkin Arrow
50:50 Ballistics
52:01 Wheelbarrow
52:50 Padded Archer Armor
55:50 Leather Archer Armor
—»¬ ° • G ¡ ø 49k .
6:22 Loom
7:57 Loom
11:34 Feudal Age
13:53 Loom
15:43 Forging
19:05 Castle Age
18:19 Scale Barding Armor
18:13 Gold Mining
18:42 Double-Bit Axe
18:40 Horse Collar
20:43 Wheelbarrow
19:54 Town Watch
20:44 Bow Saw
28:24 Town Watch
30:07 Fletching
31:30 Bodkin Arrow
33:14 Gold Shaft Mining
32:36 Stone Mining
33:30 Hand Cart
33:15 Town Patrol
34:04 Padded Archer Armor
37:22 Imperial Age
37:57 Light Cavalry
38:47 Bloodlines
38:37 Husbandry
40:04 Chemistry
39:25 Ballistics
41:17 Leather Archer Armor
41:45 Bracer
41:51 Hussar
42:56 Thumb Ring
44:33 Elite Mangudai
46:21 Parthian Tactics
47:38 Iron Casting
47:09 Scale Barding Armor
49:36 Blast Furnace
51:41 Chain Barding Armor
°49¬K<»Šhãdöw
5:07 Loom
13:48 Feudal Age
26:01 Castle Age
24:31 Double-Bit Axe
27:31 Bow Saw
27:27 Husbandry
28:41 Scale Mail Armor
28:58 Forging
31:41 Wheelbarrow
30:57 Town Watch
31:54 Scale Barding Armor
31:35 Pikeman
34:56 Chain Barding Armor
37:17 Hand Cart
41:22 Imperial Age
40:05 Squires
39:51 Arson
43:24 Cavalier
45:43 Plate Barding Armor
45:44 Iron Casting
45:59 Scale Mail Armor
45:38 Halberdier
47:05 Gold Mining
48:46 Blast Furnace
47:37 Fletching
49:20 #83
49:01 Chivalry
49:17 Paladin
Battalgazi
3:12 Loom
13:31 Feudal Age
15:13 Wheelbarrow
17:48 Castle Age
17:46 Stone Mining
17:48 Double-Bit Axe
18:21 Gold Mining
30:35 Bloodlines
31:09 Horse Collar
33:04 Forging
35:45 Scale Barding Armor
43:11 Imperial Age
40:39 Fletching
41:31 Bow Saw
41:52 Husbandry
43:05 Heavy Plow
44:10 Padded Archer Armor
44:31 Chain Barding Armor
44:05 Heavy Camel Rider
46:29 Iron Casting
Mithrandir
3:43 Loom
13:57 Feudal Age
30:39 Horse Collar
33:37 Fletching
37:23 Castle Age
38:57 Husbandry
44:50 Scale Barding Armor
47:38 Padded Archer Armor
Avcı-47
12:06 Loom
15:07 Feudal Age
22:12 Castle Age
20:30 Double-Bit Axe
23:34 Town Watch
24:03 Forging
35:07 Horse Collar
38:23 Gold Mining
47:29 Wheelbarrow
47:40 Bow Saw
47:41 Fletching
51:25 Imperial Age
49:11 Murder Holes
49:37 Ballistics
50:17 Padded Archer Armor
50:18 Scale Mail Armor
52:09 Leather Archer Armor
52:10 Chain Mail Armor
51:37 Elite Skirmisher
53:27 Ring Archer Armor
Ruenation
4:20 Loom
13:14 Feudal Age
21:56 Horse Collar
26:37 Castle Age
25:11 Fletching
25:26 Scale Mail Armor
25:37 Double-Bit Axe
29:03 Bodkin Arrow
29:02 Pikeman
31:11 Bloodlines
36:09 Redemption
36:09 Inquisition
38:37 Light Cavalry
44:57 Imperial Age
49:13 Imperial Age
47:20 Wheelbarrow
46:59 Elite Skirmisher
54:50 Husbandry
Connection lost

Rejoining the realm…

Still unreachable

The connection could not be restored.

Session expired

The server has moved on; the page needs a fresh start.